 Dungeon Crawl Stone Soup version 0.14-a0-181-gf6fe0c6 (webtiles) character file.

242 Malachi the Ruffian (level 4, -1/38 HPs)
             Began as a Naga Transmuter on Oct 7, 2013.
             Slain by an adder (4 damage)
             ... on Level 2 of the Dungeon.
             The game lasted 00:02:13 (2113 turns).

Malachi the Ruffian (Naga Transmuter)               Turns: 2113, Time: 00:02:13

HP  -1/38        AC  2     Str 12      XL: 4   Next:  8%
MP   6/6         EV 10     Int 15      God:
Gold 180         SH  0     Dex 11      Spells:  1 memorised,  6 levels left

Res.Fire  : . . .   See Invis. : +     - Unarmed
Res.Cold  : . . .   Warding    : .   c - +0 robe
Life Prot.: . . .   Conserve   : .   (no shield)
Res.Poison: +       Res.Corr.  : .   (no helmet)
Res.Elec. : .       Clarity    : .   (no cloak)
Sust.Abil.: . .     Spirit.Shd : .   (no gloves)
Res.Mut.  : .       Stasis     : .   (no barding)
Res.Rott. : .       Flight     : .   (no amulet)
Saprovore : . . .                    (no ring)
                                     (no ring)

@: very slow, slightly resistant to hostile enchantments, unstealthy
A: spit poison, see invisible, deformed body, poison resistance, slowness 2, AC
+1
a: Spit Poison


You were on level 2 of the Dungeon.
You were hungry.

You visited 1 branch of the dungeon, and saw 2 of its levels.

You collected 160 gold pieces.

Inventory:

Missiles
 b - 12 arrows
 n - 5 poisoned needles
Armour
 c - a +0 robe (worn)
Comestibles
 a - a bread ration
 i - a chunk of worm flesh
Scrolls
 f - 2 scrolls of identify {unknown}
 g - a scroll of remove curse {unknown}
 k - a scroll of blinking {unknown}
 m - a scroll of teleportation {unknown}
Potions
 e - a potion of agility {unknown}
 h - a potion of curing {unknown}
 j - a potion of speed {unknown}
 l - a potion of flight {unknown}
Books
 d - a book of Changes

   Spells                             Type                      Level
   *Beastly Appendage                 Transmutation                1
   Sticks to Snakes                   Transmutation                2
   Spider Form                        Transmutation/Poison         3
   Ice Form                           Ice/Transmutation            4
   Blade Hands                        Transmutation                5


   Skills:
 + Level 1.0 Fighting
 + Level 2.2 Dodging
 * Level 4.2 Unarmed Combat
 - Level 2.0 Spellcasting
 * Level 2.3 Transmutations


You had 6 spell levels left.
You knew the following spells:

 Your Spells              Type           Power        Failure   Level  Hunger
a - Beastly Appendage     Trmt           #.....       12%         1    #......


Dungeon Overview and Level Annotations

Branches:
Dungeon (2/27)

Altars:


Innate Abilities, Weirdness & Mutations

You cannot wear boots.
You can spit poison.
Your serpentine skin is tough (AC +1).
You have supernaturally acute eyesight.
Armour fits poorly on your strangely shaped body.
Your system is resistant to poisons.
You cover ground very slowly.


Message History

* * * LOW HITPOINT WARNING * * *
You hit the adder.
The adder is almost dead.
The adder barely misses you.
You barely miss the adder.
The adder is almost dead.
The adder bites you.
* * * LOW HITPOINT WARNING * * *
You miss the adder.
The adder is almost dead.
The adder bites you.
* * * LOW HITPOINT WARNING * * *
You barely miss the adder.
The adder is almost dead.
You have got your breath back.
The adder closely misses you.
You closely miss the adder.
The adder is almost dead.
The adder bites you.
You die...

...# #...# #.#.# #.##.# #. .###
##### #.#.###.##.## #. .#
#.#.....#...# #. .#
#.#.....#...###. .#####
#.##........#... .#...#####
####.#####......... .#...#...#
#....#####...###...
%#...#...######..................
................@................
##...#...#######S..########(..###
#...##### #...# #...# #...# #...#
#...# ##### ##### #####


You could see an adder.

Vanquished Creatures
  3 adders (D:2)
  A giant mite (D:2)
  A worm (D:2)
  A giant gecko (D:2)
  4 bats
  2 giant cockroaches (D:2)
  2 hobgoblins
  2 jackals (D:2)
  2 quokkas (D:2)
  3 giant newts (D:1)
  4 rats
25 creatures vanquished.

Notes
Turn   | Place    | Note
--------------------------------------------------------------
     0 | D:1      | Malachi, the Naga Transmuter, began the quest for the Orb.
     0 | D:1      | Reached XP level 1. HP: 18/18 MP: 1/1
   821 | D:2      | Reached XP level 2. HP: 25/25 MP: 3/3
  1092 | D:2      | Reached XP level 3. HP: 26/31 MP: 4/4
  1208 | D:2      | HP: 1/31 [giant gecko (1)]
  1528 | D:2      | Reached skill level 4 in Unarmed Combat
  1915 | D:2      | Reached XP level 4. HP: 8/38 MP: 6/6
  2113 | D:2      | Slain by an adder

Action                   |  1- 3 |  4- 6 || total
-------------------------+-------+-------++-------
Melee: Unarmed           |   109 |    16 ||   125
 Abil: Spit Poison       |     3 |     2 ||     5
 Stab: Sleeping          |     1 |       ||     1
